 Dungeon Crawl Stone Soup version 0.29-a0-998-g1987434951 (webtiles) character file.

Game seed: 9969639752094631949

2 BritishOli the Slasher (level 1, 0/16 HPs)
             Began as a Demonspawn Gladiator on Aug 5, 2022.
             Frozen to death by an endoplasm (5 damage)
             ... on level 1 of the Dungeon.
             The game lasted 00:00:05 (31 turns).

BritishOli the Slasher (Demonspawn Gladiator)         Turns: 31, Time: 00:00:05

Health: 0/16       AC:  4    Str: 14    XL:     1   Next: 33%
Magic:  1/1        EV: 12    Int:  9    God:
Gold:   14         SH:  0    Dex: 14    Spells: 0/0 levels left

rFire   . . .      SeeInvis .   a - +0 long sword
rCold   . . .      Faith    .   (no shield)
rNeg    . . .      Spirit   .   b - +0 leather armour
rPois   .          Reflect  .   c - +0 helmet
rElec   .          Harm     .   (no cloak)
rCorr   .          Rampage  .   (no gloves)
Will    .....                   (no boots)
Stlth   +.........              (no amulet)
HPRegen 0.05/turn               (no ring)
MPRegen 0.07/turn               (no ring)

@: no status effects
A: no striking features
a: no special abilities


You were on level 1 of the Dungeon.
You visited 1 branch of the dungeon, and saw 1 of its levels.

You collected 14 gold pieces.

Inventory:

Hand Weapons
 a - a +0 long sword (weapon)
Missiles
 d - 3 throwing nets (quivered)
 e - a javelin
Armour
 b - a +0 leather armour (worn)
 c - a +0 helmet (worn)


   Skills:
 + Level 2.0 Fighting
 + Level 2.7 Long Blades
 + Level 1.8 Throwing
 + Level 2.7 Dodging


You couldn't memorise any spells.
You didn't know any spells.
Your spell library was empty.

Dungeon Overview and Level Annotations

Branches:
Dungeon (1/15)

Altars:


Message History

You hit the kobold.
You kill the kobold!
A quokka comes into view.
The kobold hits you with a +0 club.
There are monsters nearby!
There are monsters nearby!
You hit the kobold.
You kill the kobold!
There are monsters nearby!
The hobgoblin misses you.
Things that are here:
a +0 club; a kobold corpse
There are monsters nearby!
You closely miss the hobgoblin.
The hobgoblin hits you with a +0 dagger.
The quokka twitches its whiskers.
The hobgoblin hits you but does no damage.
You closely miss the hobgoblin. The quokka misses you.
The hobgoblin barely misses you.
There are monsters nearby!
You hit the hobgoblin but do no damage. The quokka closely misses you.
The hobgoblin hits you with a +0 dagger.
You are too injured to fight recklessly!
There are monsters nearby!
You are too injured to fight recklessly!
There are monsters nearby!
You are too injured to fight recklessly!
You hit the quokka.
You kill the quokka!
The hobgoblin closely misses you.
Found 4 stones.
The hobgoblin misses you.
You see here a quokka corpse.
You closely miss the hobgoblin. The hobgoblin closely misses you.
The endoplasm hits you.
You barely miss the hobgoblin. You punch the hobgoblin.
The hobgoblin is almost dead.
The hobgoblin hits you with a +0 dagger.
The endoplasm freezes you.
You are frozen.
You die...

#.# ..# ####.. ..#####
......##.......#
.......#.......#
.......#.......#
.......#.......#
......J#.......#
......g@.......#
.(....#))......# ...##
#..###### .
#..############
#..##.........##
.##.#..#.....#.....##
.......>.....###.....##
.###.##.....#####.....#
#.#.....#.....#.....


You could see an endoplasm and a hobgoblin.

Vanquished Creatures
  A quokka (D:1)
  2 kobolds (D:1)
3 creatures vanquished.

Notes
Turn   | Place    | Note
-------+----------+-------------------------------------------
     0 | D:1      | BritishOli the Demonspawn Gladiator began the quest for the
                  | Orb.
     0 | D:1      | Reached XP level 1. HP: 16/16 MP: 1/1
    31 | D:1      | Frozen to death by an endoplasm

Illustrated notes

Levels and vault maps discovered:
D:1:      onia_arrival_pyramid, layout_basic

Action                   || total
-------------------------++-------
Melee: Long sword        ||     9
       Punch             ||     1
Armor: Leather armour    ||     1
Dodge: Dodged            ||     8

Table legend: (Time is in decaauts)
 A = Elapsed time spent in this place.
 B = Non-inter-level travel time spent in this place.
 C = Inter-level travel time spent in this place.
 D = Time resting spent in this place.
 E = Time spent auto-exploring this place.
 F = Levels seen in this place.
 G = Mean time per level.
                   A        B        C        D        E       F      G
               +--------+--------+--------+--------+--------+-----+--------+
         Total |     32 |     32 |      0 |      0 |     16 |   1 |   32.0 |
       Dungeon |     32 |     32 |      0 |      0 |     16 |   1 |   32.0 |
               +--------+--------+--------+--------+--------+-----+--------+

Top non-repeatable levels by time:
     D:1: 32 daAuts
